woodfighter, chaotic female sylph Ranger ---- ###..-- ----- ## # ### |...|####...###### #### ############ ### #(.@-#-#|...| # # ## ## # # # # # # ## #-.%..-# # ######### ####### # # |...... & -### # ## # # # ### # ### ###-....#..| ..| # .. ## ##)-# . # # #---#-- . |...|. . ## #### # | ...-. # # ## # ....--#- # ##-- # ......-- -#--. ---%.###### # -.....| |....- |....| # ### ...).(---....| |....| ### # ....%.....-- # ---(.----# # ..^......| #......##### ...|.....| #--....| # .|.....## ####--..| # ##----- # # #.^#### ######--- woodfighter the Scout Experience level: 15 Strength: 16 Dexterity: 18 Constitution: 16 Intelligence: 14 Wisdom: 14 Charisma: 10 Health: 112(114) Energy: 81(81) Def: 14 Gold: 0 Moves: 62203 Dungeon seed: li6kllVU0z0LsWGU Game ID: woodfighter_1470753354 Your Inventory: Amulets c - an uncursed amulet of flying g - a cursed amulet of change Q - a blessed greased amulet of reflection (being worn) Weapons a - the blessed fireproof +1 Longbow of Diana (weapon in hand) b - 74 blessed +7 arrows (in quiver) Armor r - an uncursed very burnt +1 elven shield F - an uncursed +0 pair of leather gloves N - a blessed fireproof +4 cloak of magic resistance (being worn) Comestibles O - 3 uncursed C-rations W - an uncursed lizard corpse Scrolls P - an uncursed scroll of create monster Potions d - an uncursed potion of full healing Z - a blessed potion of object detection Rings p - an uncursed ring of poison resistance Wands f - a wand of slow monster (0:4) n - a wand of teleportation (0:6) L - a wand of teleportation (0:6) Tools h - an uncursed skeleton key q - a blessed +0 unicorn horn s - a blessed greased fireproof bag of holding v - an uncursed stethoscope y - the blessed greased rustproof Master Key of Thievery z - a +0 pick-axe A - a -5 unicorn horn G - an uncursed towel I - a +0 unicorn horn M - the uncursed Candelabrum of Invocation (no candles attached) (0:0) S - a blessed oil lamp (0:209) Y - a blessed oil lamp (0:1373) Gems e - a blessed luckstone Contents of the bag of holding: 7132 gold pieces 72 blessed +7 arrows 5 blessed corroded +7 arrows 97 blessed +0 elven arrows a +1 silver arrow 6 blessed +0 silver arrows a +0 silver arrow an uncursed lizard corpse 2 uncursed sprigs of wolfsbane 4 uncursed scrolls of create monster a cursed scroll of create monster a blessed scroll of teleportation 3 uncursed scrolls of teleportation 2 cursed scrolls of teleportation an uncursed potion of confusion 2 uncursed potions of extra healing a cursed potion of extra healing 2 uncursed potions of full healing 2 uncursed potions of gain level an uncursed potion of invisibility an uncursed potion of speed 2 cursed potions of speed an uncursed ring of conflict a cursed -2 ring of increase damage an uncursed ring of levitation a wand of create monster (0:14) a wand of create monster (0:12) a wand of death (0:3) a cursed wand of digging (0:8) a wand of digging (0:7) a wand of digging (0:5) a cursed wand of lightning (0:4) a wand of magic missile (0:3) a wand of polymorph (0:5) a wand of striking (0:8) a wand of striking (0:6) a wand of striking (0:4) a blessed wand of teleportation (0:7) a wand of teleportation (0:7) a wand of teleportation (0:7) an uncursed oil lamp (0:546) a +0 unicorn horn Spells and supernatural/magical abilities: Name Level Category Fail Memory a - force bolt 1 attack 38% 28% k - knock 1 matter 38% 28% l - light 1 divination 38% 28% m - magic missile 2 attack 42% 28% n - detect monsters 1 divination 38% 28% p - protection 1 clerical 38% 28% s - slow monster 2 enchantment 42% 28% w - wizard lock 2 matter 42% 28% x - extra healing 3 healing 53% 54% z - sleep 1 enchantment 38% 28% B - cure blindness 2 healing 53% 28% G - detect treasure 4 divination 38% 28% O - create monster 2 clerical 42% 28% W - pray for help -- divine ? -- Your skills at the end: Miscellaneous Skills shield [Skilled] wands [Basic] Weapon Skills dagger [Basic] bow [Expert] Spellcasting Skills healing spells [Skilled] divination spells [Skilled] Final Attributes: You were the Glory of Arioch. You were piously aligned. You were fire resistant. You were cold resistant. You were sleep resistant. You were shock resistant. You were poison resistant. You were magic-protected. You saw invisible. You were telepathic. You were warned. You had automatic searching. You had infravision. You were invisible to others. You were displaced. You were stealthy. You had teleport control. You were protected. You were protected from shape changers. You were fast. You had reflection. You were lucky. You had extra luck. Good luck did not time out for you. You are dead. Vanquished creatures: Orcus Yeenoghu Juiblex a mammoth Vlad the Impaler Medusa 2 iron golems a master lich 3 storm giants 4 titans 4 deep ettins a glass golem 6 balrogs 5 purple worms a gray dragon 3 silver dragons 5 red dragons 4 white dragons 4 black dragons 9 blue dragons a yellow dragon 14 minotaurs 5 jabberwocks Scorpius 9 baluchitheria a demilich 8 stone golems 3 master mind flayers 7 Olog-hai 2 Nazgul 8 pit fiends a sandestin 2 hell hounds 5 titanotheres 5 trappers a baby gray dragon 2 baby red dragons a baby yellow dragon 3 guardian nagas 2 disenchanters 12 vampire lords 5 shades 5 skeletons 5 captains 3 liches 2 clay golems 7 nurses 9 ice devils 5 nalfeshnees 2 lurkers above 5 Aleaxes 2 frost giants 3 golden nagas 3 black puddings 24 vampires 30 ghosts 5 ettins 10 lieutenants 2 winged gargoyles 3 mind flayers 5 giant mimics a fire giant 6 ogre kings 13 ice trolls 13 rock trolls 9 umber hulks 5 flesh golems 2 Elvenkings 2 doppelgangers 14 hezrous 14 bone devils a salamander 4 large mimics 5 wumpuses 2 fire vortices a baby long worm 7 long worms 7 stalkers an air elemental 7 fire elementals 8 earth elementals a water elemental 4 hill giants 7 giant mummies 2 black nagas 8 xorns 18 giant zombies 9 elf-lords 16 sergeants 20 vrocks 14 wargs 4 winter wolves 2 hell hound pups 16 small mimics 9 island nymphs 5 glass piercers 12 warhorses a steam vortex 10 xans 9 ettin mummies 7 ogre lords 13 quantum mechanics 22 trolls 3 sasquatches 2 wood golems 5 mariliths 8 pyrolisks 4 large dogs 4 freezing spheres 7 flaming spheres 6 shocking spheres a large cat 11 tigers 6 gargoyles 3 dwarf kings 5 tengu 6 gelatinous cubes an ochre jelly 8 chameleons a crocodile 7 leocrottas 3 energy vortices 27 mountain centaurs 4 giants 6 elf mummies 6 human mummies 4 red nagas 7 green slimes 3 pit vipers 3 pythons 4 cobras 50 wraiths 17 ettin zombies 3 leather golems 20 Grey-elves 89 soldiers 7 succubi 8 incubi 3 giant beetles 19 cockatrices 10 wolves 15 winter wolf cubs 5 lynxes 4 panthers 3 gremlins 8 leprechauns 3 quivering blobs a spotted jelly 17 lizards 2 mountain nymphs 5 orc-captains a mumak 13 giant spiders 33 scorpions 7 iron piercers 9 horses 3 ice vortices 3 black lights 12 vampire bats 46 forest centaurs 6 gnome kings 5 orc mummies 4 dwarf mummies 3 ogres 6 brown puddings 8 rust monsters 10 owlbears 10 yetis 3 gold golems 7 werewolves 19 Green-elves 8 hunters 10 chickatrices 2 dogs 4 dingos 3 housecats 7 jaguars 9 dwarf lords 5 blue jellies 10 water nymphs 5 white unicorns a gray unicorn 2 black unicorns 4 dust vortices 3 ravens 15 plains centaurs 8 gnome mummies 7 snakes 7 apes 21 human zombies 6 rope golems 8 Woodland-elves 8 soldier ants a fire ant 3 quasits 5 wood nymphs 23 Mordor orcs 5 Uruk-hai 2 orc shamans a rock mole 6 rock piercers 9 ponies 2 fog clouds 12 yellow lights 2 shriekers 3 violet fungi 17 gnome lords 5 gnomish wizards 3 kobold mummies a red naga hatchling 2 golden naga hatchlings a guardian naga hatchling 5 gray oozes a barrow wight 15 elf zombies 21 ghouls 4 straw golems 2 paper golems 47 giant ants 7 little dogs 13 floating eyes 2 kittens 23 dwarves 2 homunculi a kobold lord 3 kobold shamans 15 iguanas 18 hill orcs 15 rothes a rabid rat 4 centipedes 8 giant bats 5 monkeys 18 orc zombies 14 dwarf zombies a wererat 3 werejackals 24 killer bees 7 coyotes a gas spore 6 hobbits 4 acid blobs 2 large kobolds 10 geckos 3 hobgoblins 8 giant rats 10 cave spiders 3 brown molds 3 yellow molds 5 green molds 6 red molds 52 gnomes 12 garter snakes 16 manes 9 gnome zombies 19 jackals 3 foxes 4 kobolds 19 newts a goblin 11 sewer rats 19 grid bugs 8 bats 7 lichens 12 kobold zombies 2057 creatures vanquished. Genocided species: liches demiliches master liches arch-liches rust monsters disenchanters 6 species genocided. Voluntary challenges: You were vegetarian. You had followed a strict vegan diet until turn 2739. You had been an atheist until turn 2016. You used a wielded weapon 38 times, starting on turn 452. You read items or engraved 78 times, starting on turn 2739. You genocided 6 types of monsters, starting on turn 52124. You polymorphed 21 items, starting on turn 51190. You changed form 2 times, starting on turn 14094. You completed Sokoban on turn 5127, according to the rules. You used 4 wishes, starting on turn 23667. You wished for your your first artifact on turn 23756. You never split a pudding. You wrote Elbereth's name 1 time, starting on turn 9976. You violated your moral code, losing 65 points of alignment, starting on turn 46095. Dungeon overview: The Dungeons of Doom: levels 1 to 31 Level 1 (-) a sink a long staircase Level 2 Level 3 (vault) a fountain Level 4 stairs to The Gnomish Mines Level 5 many fountains Level 6 an altar to Mercury, some sinks stairs to Sokoban Level 7 (bones) a fountain Level 8 a fountain Level 9 (vault) Level 10 a potion shop, a fountain Level 11 (quest + vault) a temple to Mars portal to The Quest Level 12 a temple to Venus, some fountains Level 13 Level 14 Level 15 (rogue) Level 16 some altars to Mercury and Venus, some fountains Level 17 (vault) a general store, some fountains Level 18 an altar to Venus, a sink Level 19 (vault) a sink Level 20 some fountains Level 21 a temple to Mercury Level 22 some altars to Mercury Level 23 a fountain Level 24 Level 25 (-) a temple to Venus Level 26 (medusa) Level 27 Level 28 Level 29 (mind flayer) Level 30 some fountains Level 31 (castle) a magic chest, a fountain, a throne Gehennom: levels 32 to 53 Level 32 a temple to Moloch, a magic chest stairs to The Dungeons of Doom Level 33 Level 34 (Baalzebub) a magic chest Level 35 Level 36 Level 37 Level 38 Level 39 (Juiblex) some fountains Level 40 stairs to Vlad's Tower Level 41 Level 42 (Yeenoghu) a magic chest Level 43 (Orcus) some shops, an altar to Moloch, a magic chest, some fountains Level 44 Level 45 Level 46 Level 47 (wizard top) Level 48 Level 49 (wizard bottom) Level 50 Level 51 Level 53 <- You were here The Gnomish Mines: levels 5 to 12 Level 5 stairs to The Dungeons of Doom Level 6 Level 7 Level 8 many shops, a temple to Venus, a magic chest, some fountains Level 9 Level 10 Level 11 Level 12 a magic chest, some fountains The Quest: levels 1 to 6 Level 1 (bell near downstairs) a magic chest, many trees portal to The Dungeons of Doom Level 2 many trees Level 3 Level 4 Level 5 Level 6 an altar to Mercury, many trees Sokoban: levels 2 to 5 Level 2 a magic chest Level 3 Level 4 Level 5 a magic chest stairs to The Dungeons of Doom Vlad's Tower: levels 37 to 39 Level 37 a throne Level 38 an altar to Moloch Level 39 stairs to Gehennom History has recorded: On T:1 you entered the Dungeons of Doom to retrieve the Amulet of Yendor! On T:336 you reached level 2 of The Dungeons of Doom. On T:629 you advanced to experience level 2. On T:647 you reached level 3 of The Dungeons of Doom. On T:1009 you reached level 4 of The Dungeons of Doom. On T:1061 you advanced to experience level 3. On T:1413 you reached level 1 of The Gnomish Mines. On T:1552 you reached level 5 of The Dungeons of Doom. On T:1611 you reached level 6 of The Dungeons of Doom. On T:1659 you advanced to experience level 4. On T:2043 you advanced to experience level 5. On T:2131 you reached level 4 of Sokoban. On T:2438 you reached level 3 of Sokoban. On T:2518 you opened a magic chest. On T:2520 you opened a magic chest. On T:3325 you reached level 2 of Sokoban. On T:4093 you reached level 1 of Sokoban. On T:4101 you advanced to experience level 6. On T:5127 you advanced to experience level 7. On T:5127 you entered the Sokoban zoo. On T:5307 you opened a magic chest. On T:6094 you reached level 2 of The Gnomish Mines. On T:6740 you advanced to experience level 8. On T:6797 you reached level 3 of The Gnomish Mines. On T:7510 you reached level 4 of The Gnomish Mines. On T:8274 you entered the Minetown temple On T:8315 you opened a magic chest. On T:8325 you opened a magic chest. On T:8355 you opened a magic chest. On T:8356 you opened a magic chest. On T:8367 you opened a magic chest. On T:8371 you opened a magic chest. On T:8372 you opened a magic chest. On T:8399 you opened a magic chest. On T:8405 you opened a magic chest. On T:8405 you opened a magic chest. On T:8569 you reached level 5 of The Gnomish Mines. On T:8697 you advanced to experience level 9. On T:8912 you reached level 6 of The Gnomish Mines. On T:9382 you reached level 7 of The Gnomish Mines. On T:9824 you reached level 8 of The Gnomish Mines. On T:9824 you reached the bottom of the Mines. On T:10105 you opened a magic chest. On T:10107 you opened a magic chest. On T:10109 you opened a magic chest. On T:11259 you opened a magic chest. On T:11716 you opened a magic chest. On T:11717 you opened a magic chest. On T:11741 you opened a magic chest. On T:12283 you advanced to experience level 10. On T:12360 you reached level 7 of The Dungeons of Doom. On T:12607 you reached level 8 of The Dungeons of Doom. On T:13091 you opened a magic chest. On T:13098 you opened a magic chest. On T:13105 you opened a magic chest. On T:13108 you opened a magic chest. On T:13284 you reached level 9 of The Dungeons of Doom. On T:13872 you reached level 10 of The Dungeons of Doom. On T:14280 you reached level 11 of The Dungeons of Doom. On T:14337 you reached level 12 of The Dungeons of Doom. On T:15080 you reached level 13 of The Dungeons of Doom. On T:15114 you reached level 14 of The Dungeons of Doom. On T:15819 you reached level 15 of The Dungeons of Doom. On T:16535 you opened a magic chest. On T:16542 you opened a magic chest. On T:17216 you reached level 16 of The Dungeons of Doom. On T:17282 you reached level 17 of The Dungeons of Doom. On T:18158 you reached level 18 of The Dungeons of Doom. On T:18535 you advanced to experience level 11. On T:18766 you reached level 19 of The Dungeons of Doom. On T:19611 you opened a magic chest. On T:19618 you opened a magic chest. On T:19655 you opened a magic chest. On T:20393 you reached level 20 of The Dungeons of Doom. On T:21477 you reached level 21 of The Dungeons of Doom. On T:21698 you reached level 22 of The Dungeons of Doom. On T:23142 you opened a magic chest. On T:23242 you opened a magic chest. On T:23243 you opened a magic chest. On T:23262 you opened a magic chest. On T:23388 you opened a magic chest. On T:23389 you opened a magic chest. On T:23576 you opened a magic chest. On T:23580 you opened a magic chest. On T:23590 you opened a magic chest. On T:23591 you opened a magic chest. On T:23593 you opened a magic chest. On T:23593 you opened a magic chest. On T:23596 you opened a magic chest. On T:23598 you opened a magic chest. On T:23602 you opened a magic chest. On T:23604 you opened a magic chest. On T:23608 you opened a magic chest. On T:23612 you opened a magic chest. On T:23617 you opened a magic chest. On T:23624 you opened a magic chest. On T:23633 you opened a magic chest. On T:23635 you opened a magic chest. On T:23667 you wished for "+3 blessed fixed greased cloak of magic resistance". On T:23743 you opened a magic chest. On T:23749 you wished for "blessed fixed greased amulet of reflection". On T:23754 you opened a magic chest. On T:23756 you wished for "blessed fixed greased master key of thievery". On T:23757 you opened a magic chest. On T:23758 you opened a magic chest. On T:23759 you opened a magic chest. On T:23760 you opened a magic chest. On T:23762 you opened a magic chest. On T:24355 you advanced to experience level 12. On T:25015 you reached level 23 of The Dungeons of Doom. On T:25503 you reached level 24 of The Dungeons of Doom. On T:27045 you opened a magic chest. On T:27050 you opened a magic chest. On T:27051 you opened a magic chest. On T:28098 you reached level 25 of The Dungeons of Doom. On T:28578 you reached level 26 of The Dungeons of Doom. On T:30093 you opened a magic chest. On T:30098 you opened a magic chest. On T:30103 you opened a magic chest. On T:30106 you opened a magic chest. On T:31897 you received Stormbringer from Mars. On T:32111 you opened a magic chest. On T:32123 you opened a magic chest. On T:32127 you opened a magic chest. On T:32131 you opened a magic chest. On T:32132 you opened a magic chest. On T:32993 you advanced to experience level 13. On T:33444 you killed Medusa on level 26 of The Dungeons of Doom. On T:34818 you opened a magic chest. On T:34819 you opened a magic chest. On T:34820 you advanced to experience level 14. On T:35009 you received Fire Brand from Mars. On T:35073 you reached level 1 of The Quest. On T:35549 you embarked upon an epic quest. On T:35577 you opened a magic chest. On T:35589 you reached level 2 of The Quest. On T:35715 you reached level 3 of The Quest. On T:36722 you opened a magic chest. On T:36964 you reached level 5 of The Quest. On T:37148 you reached level 6 of The Quest. On T:37632 you opened a magic chest. On T:37634 you opened a magic chest. On T:38255 you killed Scorpius on level 6 of The Quest. On T:38832 you opened a magic chest. On T:38837 you opened a magic chest. On T:38859 you opened a magic chest. On T:38917 you completed the quest! On T:39108 you opened a magic chest. On T:39110 you opened a magic chest. On T:39869 you reached level 27 of The Dungeons of Doom. On T:40139 you reached level 28 of The Dungeons of Doom. On T:42101 you reached level 29 of The Dungeons of Doom. On T:44011 you reached level 30 of The Dungeons of Doom. On T:44430 you reached The Castle. On T:45822 you opened a magic chest. On T:45825 you opened a magic chest. On T:45826 you opened a magic chest. On T:45833 you opened a magic chest. On T:45840 you opened a magic chest. On T:45841 you opened a magic chest. On T:45841 you opened a magic chest. On T:45842 you opened a magic chest. On T:45844 you opened a magic chest. On T:45844 you opened a magic chest. On T:45845 you opened a magic chest. On T:45845 you opened a magic chest. On T:46952 you opened a magic chest. On T:46953 you opened a magic chest. On T:47029 you opened a magic chest. On T:47342 you opened a magic chest. On T:47500 you opened a magic chest. On T:47623 you opened a magic chest. On T:47624 you opened a magic chest. On T:47627 you opened a magic chest. On T:47628 you opened a magic chest. On T:47629 you opened a magic chest. On T:47631 you opened a magic chest. On T:47633 you opened a magic chest. On T:47636 you opened a magic chest. On T:47638 you opened a magic chest. On T:47642 you opened a magic chest. On T:47644 you opened a magic chest. On T:47647 you opened a magic chest. On T:47648 you opened a magic chest. On T:47652 you opened a magic chest. On T:47654 you opened a magic chest. On T:47655 you wished for "blessed greased fixed bag of holding". On T:47657 you opened a magic chest. On T:47659 you opened a magic chest. On T:47681 you opened a magic chest. On T:47729 you opened a magic chest. On T:47730 you opened a magic chest. On T:47743 you opened a magic chest. On T:47745 you reached The Valley of the Dead. On T:47827 you opened a magic chest. On T:47828 you opened a magic chest. On T:48847 you opened a magic chest. On T:48849 you opened a magic chest. On T:48850 you opened a magic chest. On T:48986 you opened a magic chest. On T:48991 you opened a magic chest. On T:49119 you opened a magic chest. On T:49121 you opened a magic chest. On T:49141 you opened a magic chest. On T:49142 you opened a magic chest. On T:49145 you opened a magic chest. On T:49145 you opened a magic chest. On T:49444 you advanced to experience level 15. On T:50511 you opened a magic chest. On T:50512 you opened a magic chest. On T:50512 you opened a magic chest. On T:50537 you opened a magic chest. On T:51165 you opened a magic chest. On T:51166 you opened a magic chest. On T:51166 you opened a magic chest. On T:51166 you opened a magic chest. On T:51167 you opened a magic chest. On T:51168 you opened a magic chest. On T:51171 you opened a magic chest. On T:51173 you opened a magic chest. On T:51177 you opened a magic chest. On T:51179 you opened a magic chest. On T:51225 you opened a magic chest. On T:51236 you opened a magic chest. On T:51237 you opened a magic chest. On T:51237 you opened a magic chest. On T:51238 you opened a magic chest. On T:51337 you were chosen to take lives for your god's glory! On T:51965 you opened a magic chest. On T:52065 you opened a magic chest. On T:52066 you opened a magic chest. On T:52092 you reached level 2 of Gehennom. On T:52121 you opened a magic chest. On T:52341 you reached level 3 of Gehennom. On T:52937 you opened a magic chest. On T:52938 you opened a magic chest. On T:52938 you opened a magic chest. On T:52938 you opened a magic chest. On T:52939 you opened a magic chest. On T:52940 you opened a magic chest. On T:52949 you opened a magic chest. On T:53848 you opened a magic chest. On T:53848 you opened a magic chest. On T:53900 you opened a magic chest. On T:53970 you opened a magic chest. On T:53975 you reached level 4 of Gehennom. On T:54314 you reached level 5 of Gehennom. On T:54809 you reached level 6 of Gehennom. On T:55172 you reached level 7 of Gehennom. On T:55449 you reached level 8 of Gehennom. On T:55596 you killed Juiblex on level 8 of Gehennom. On T:55676 you reached level 9 of Gehennom. On T:56165 you opened a magic chest. On T:56166 you opened a magic chest. On T:56168 you opened a magic chest. On T:56168 you opened a magic chest. On T:56168 you opened a magic chest. On T:56174 you opened a magic chest. On T:56558 you reached level 3 of Vlad's Tower. On T:56737 you reached level 2 of Vlad's Tower. On T:56931 you reached level 1 of Vlad's Tower. On T:57033 you killed Vlad the Impaler on level 1 of Vlad's Tower. On T:57216 you reached level 10 of Gehennom. On T:57634 you reached level 11 of Gehennom. On T:57746 you killed Yeenoghu on level 11 of Gehennom. On T:58054 you opened a magic chest. On T:58197 you reached level 12 of Gehennom. On T:59249 you killed Orcus on level 12 of Gehennom. On T:59328 you opened a magic chest. On T:59329 you opened a magic chest. On T:59330 you opened a magic chest. On T:59331 you opened a magic chest. On T:59417 you reached level 13 of Gehennom. On T:59686 you reached level 14 of Gehennom. On T:59940 you reached level 15 of Gehennom. On T:60240 you reached level 16 of Gehennom. On T:60560 you reached level 17 of Gehennom. On T:61077 you reached level 18 of Gehennom. On T:61410 you reached level 19 of Gehennom. On T:61978 you reached level 20 of Gehennom. On T:62024 you reached level 22 of Gehennom. Score breakdown: Gold: 7132 ( 713 points) Experience: 15 levels ( 1400 points) Exploration: 53 levels ( 1560 points) Discoveries: 127 items ( 2000 points) Variety of kills: 265 monsters ( 2000 points) Major goal: killed Vlad the Impaler ( 2500 points) Survival: died (score multiplied by 3) Total score: 30519 Latest messages: The leocrotta bites! The leocrotta claws you! You shoot 4 arrows. The 1st arrow hits the leocrotta! The 2nd arrow hits something! You kill the leocrotta! b - 7 blessed +7 arrows (in quiver). You see here a leocrotta corpse. You see here a tin whistle. You stop exploring. You catch a whiff of rotten eggs. You stop exploring. You stumble into a spider web! You disentangle yourself. You hear a slurping sound. You stop exploring. (2x) You shoot 4 arrows. The 1st arrow hits the cockatrice! The 2nd arrow hits the cockatrice! The 3rd arrow hits something! You kill the cockatrice! b - 4 blessed +7 arrows (in quiver). You see here a cockatrice corpse. Touching the cockatrice corpse is a fatal mistake... You turn to stone... Final status: Goodbye woodfighter the Ranger, petrified by picking up a cockatrice corpse... You turned to stone in Gehennom on dungeon level 53 with 30519 points, and 7132 pieces of gold, after 62203 moves. You were level 15 with a maximum of 114 hit points when you turned to stone.